 Dungeon Crawl Stone Soup version 0.29.1-12-g30fa7ad0bf (webtiles) character file.

Game seed: 548781617334344270

28396 zlionsfan the Eclecticist (level 13, -2/88 HPs)
             Began as a Mummy Necromancer on Jan 11, 2023.
             Was a High Priest of Qazlal.
             Shot with an arrow by Nessos (7 damage)
             ... on level 3 of the Lair of Beasts.
             The game lasted 01:33:15 (15099 turns).

zlionsfan the Eclecticist (Mummy Necromancer)      Turns: 15099, Time: 01:33:15

Health: -2/88      AC: 13    Str: 21    XL:     13   Next: 9%
Magic:  2/34       EV: 13    Int: 21    God:    Qazlal [*****.]
Gold:   142        SH:  7    Dex: 12    Spells: 16/46 levels left

rFire   . . .      SeeInvis .   a - staff of death
rCold   + . .      Faith    .   (no shield)
rNeg    + + +      Spirit   .   E - +1 robe
rPois   ∞          Reflect  .   l - +1 helmet {Int+3}
rElec   .          Harm     .   x - +1 cloak
rCorr   .          Rampage  .   p - +1 pair of gloves of Polish {Regen+ Int+2}
Will    +....                   (no boots)
Stlth   +.........              m - amulet of magic regeneration
HPRegen 1.04/turn               D - +6 ring of strength
MPRegen 0.64/turn               u - +4 ring of protection

@: protected from fire, repel missiles
A: cold resistance 1, negative energy resistance 3, torment resistance 2, heat
vulnerability 1, in touch with death 2, no potions
a: Renounce Religion, Upheaval, Elemental Force, Disaster Area


You were on level 3 of the Lair of Beasts.
You worshipped Qazlal.
Qazlal was extremely pleased with you.
You visited 3 branches of the dungeon, and saw 15 of its levels.
You also visited: Ossuary.

You collected 608 gold pieces.
You spent 466 gold pieces at shops.

Inventory:

Hand Weapons
 b - a +4 flail
Missiles
 z - 8 javelins (quivered)
 B - a throwing net
Armour
 l - a +1 helmet of intelligence (worn)
 p - the +1 pair of gloves of Polish (worn) {Regen+ Int+2}
   (You bought it in a shop on level 2 of the Dungeon)

   Int:       It affects your intelligence (+2).
   Regen:     It increases your rate of health regeneration.
 x - a +1 cloak (worn)
 E - a +1 robe (worn)
Magical Staves
 a - a staff of death (weapon)
Jewellery
 g - the amulet of the King {Acrobat rPois Str+3}
   (You found it on level 4 of the Dungeon)

   [amulet of the acrobat]

   It increases your evasion while moving and waiting.
   Str:       It affects your strength (+3).
   rPois:     It protects you from poison.
 m - an amulet of magic regeneration (around neck)
 n - a ring of protection from fire
 q - an amulet of regeneration
 t - a ring of willpower
 u - a +4 ring of protection (right hand)
 w - a ring of flight
 D - a +6 ring of strength (left hand)
Wands
 d - a wand of polymorph (7)
 e - a wand of mindburst (10)
 h - a wand of roots (10)
 r - a wand of flame (12)
 v - a wand of paralysis (11)
 A - a wand of digging (5)
Scrolls
 f - 3 scrolls of poison
 i - 2 scrolls of amnesia
 j - 5 scrolls of fear
 o - 3 scrolls of teleportation
 s - a scroll of magic mapping
 y - 3 scrolls of butterflies
 C - 2 scrolls of identify
Miscellaneous
 c - a lightning rod (4/4)


   Skills:
 + Level 3.7 Fighting
 + Level 3.6 Maces & Flails
 + Level 0.5 Throwing
 + Level 4.4 Dodging
 + Level 2.8 Stealth
 + Level 3.1 Shields
 + Level 17.2 Spellcasting
 + Level 0.5 Conjurations
 + Level 0.9 Hexes
 + Level 14.2 Necromancy
 + Level 1.0 Transmutations
 + Level 0.4 Fire Magic
 + Level 1.1 Ice Magic
 + Level 1.1 Air Magic
 + Level 0.6 Poison Magic
 + Level 1.4 Evocations


You had 16 spell levels left.
You knew the following spells:

 Your Spells              Type           Power      Damage    Failure   Level
a - Necrotise             Necr           100%       1d9       0%          1
b - Vampiric Draining     Necr           100%       2d13      1%          3
c - Ensorcelled Hibernat  Hex/Ice        44%        N/A       3%          2
d - Animate Dead          Necr           100%       N/A       1%          4
e - Frozen Ramparts       Ice            46%        1d7       6%          3
f - Mephitic Cloud        Conj/Pois/Air  21%        N/A       7%          3
g - Ignite Poison         Fire/Tmut/Pois 21%        N/A       7%          3
h - Anguish               Hex/Necr       53%        N/A       1%          4
i - Blink                 Tloc           36%        N/A       4%          2
j - Agony                 Necr           100%       N/A       1%          5

Your spell library contained the following spells:

 Spells                   Type           Power      Damage    Failure   Level
 Lesser Beckoning         Tloc           18%        N/A       10%         3
 Fulminant Prism          Conj/Hex       10%        3d9       22%         4
 Olgreb's Toxic Radiance  Pois           20%        N/A       24%         4
 Petrify                  Tmut/Erth      20%        N/A       24%         4
 Summon Ice Beast         Ice/Summ       20%        N/A       24%         4
 Iskenderun's Mystic Bla  Conj/Tloc      19%        2d6       28%         4
 Animate Armour           Summ/Erth      36%        N/A       30%         4
 Freezing Cloud           Conj/Ice/Air   11%        6-21      50%         5
 Metabolic Englaciation   Hex/Ice        11%        N/A       50%         5
 Fireball                 Conj/Fire      10%        3d6       56%         5
 Iskenderun's Battlesphe  Conj           20%        2d7       56%         5
 Lee's Rapid Deconstruct  Erth           9%         3d8*      65%         5
 Manifold Assault         Tloc           18%        N/A       65%         5
 Conjure Ball Lightning   Conj/Air       10%        3x3d6     98%         6
 Iron Shot                Conj/Erth      9%         9d3       99%         6
 Malign Gateway           Summ/Tloc      9%         N/A       100%        7
 Orb of Destruction       Conj           10%        9d6       100%        7
 Ozocubu's Refrigeration  Ice            11%        4d10      100%        7
 Ignition                 Fire           9%         3d5       100%        8
 Summon Horrible Things   Summ           9%         N/A       100%        8
 Spider Form              Tmut/Pois      Unusable   N/A       N/A         3
 Ice Form                 Ice/Tmut       Unusable   N/A       N/A         4
 Blade Hands              Tmut           Unusable   N/A       N/A         5
 Statue Form              Tmut/Erth      Unusable   N/A       N/A         6

Dungeon Overview and Level Annotations

Branches:
Dungeon (11/15)            Temple (1/1) D:7            Lair (3/5) D:10
  Swamp (0/4) Lair:2          Orc (0/2) D:11        Ossuary (visited)
  Snake: Lair:2-3    Spider: Lair:2-3

Altars:
Ashenzari
Cheibriados
Dithmenos
Fedhas
Gozag
Hepliaklqana
Kikubaaqudgha
Makhleb
Nemelex Xobeh
Okawaru
Qazlal
Ru
Sif Muna
Trog
Uskayaw
Vehumet
Wu Jian
Xom
Yredelemnul

Shops:
D:2 ?:![[

Annotations:
D:8 Amaemon
D:11 1 runed translucent door
Lair:3 Nessos


Innate Abilities, Weirdness & Mutations

You are immune to poison.
Your flesh is cold resistant. (rC+)
You are immune to negative energy. (rN+++)
You are immune to unholy pain and torment.
You are vulnerable to heat. (rF-)
You are strongly in touch with the powers of death.
You do not drink.


Message History

Aim: Nessos, wielding a +1 longbow of flaming and wearing a +2 barding (severely wounded, fast, chance to affect: 83%)
You feel a huge surge of power!
Nessos writhes in agony.
Nessos shoots an arrow.
The arrow misses you.
Casting: Necrotise (safe; 0% risk of failure)
Confirm with . or Enter, or press ? or * to list all spells.
Aiming: Mephitic Cloud (dangerous; 7% risk of failure)
Press: ? - help, Shift-Dir - straight line, f/p - Nessos
Aim: Nessos, wielding a +1 longbow of flaming and wearing a +2 barding (severely wounded, fast, chance to affect: 58%)
The ball explodes into a vile cloud!
The stinking cloud engulfs Nessos but does no damage.
Nessos is severely wounded.
The stinking cloud engulfs you but does no damage.
Nessos is engulfed in noxious fumes.
Nessos unwields a +1 longbow of flaming.
It stops flaming.
Nessos wields a +0 club.
Nessos hits you with a +0 club!
You feel more protected from physical attacks.
Nessos kicks you.
You feel more protected from physical attacks.
Nessos is engulfed in noxious fumes.
Nessos mumbles some strange words.
Nessos blinks!
Casting: Mephitic Cloud (dangerous; 7% risk of failure)
Confirm with . or Enter, or press ? or * to list all spells.
Aiming: Necrotise (safe; 0% risk of failure)
Press: ? - help, Shift-Dir - straight line, f/p - Nessos
Aim: Nessos, wielding a +0 club and wearing a +2 barding (severely wounded, fast, chance to affect: 83%)
You feel a huge surge of power!
Nessos writhes in agony.
Nessos unwields a +0 club.
Nessos wields a +1 longbow of flaming.
It bursts into flame!
Nessos shoots an arrow.
The arrow hits you!
* * * LOW HITPOINT WARNING * * *
Your resistance to physical damage fades away.
You feel protected from fire. The arrow burns you.
* * * LOW HITPOINT WARNING * * *
Nessos shoots an arrow.
The arrow barely misses you.
Nessos shoots an arrow.
The arrow hits you!!
* * * LOW HITPOINT WARNING * * *
You feel more protected from fire. The arrow burns you!
You die...

♣♣..# ..~ ♣♣..(.
..~~ ♣....# ...~~
♣....# #..#~~
♣....##...~~~
###.........~~
#8#♣#8#.†)§..h.#.
......☼♣☼§#.....~.
.......☼@°###h.###
........○○# h.#
........c.# ##
.......♣..#
#8#P#8#♣..# # #P##
♣.(# P ♣... P
...##


You could see Nessos (fast).

Vanquished Creatures
  2 boulder beetles
  3 hydras
  3 two-headed ogres
  5 death yaks (Lair:2)
  Pikel (D:4)
  A manticore (D:11)
  5 elephants (Lair:2)
  Joseph (D:8)
  5 black mambas
  A torpor snail (Lair:1)
  3 cane toads
  Maggie (D:8)
  A kobold demonologist (D:11)
  9 komodo dragons
  A troll (D:11)
  3 polar bears
  A slime creature (D:11)
  A shadow (D:11)
  A wraith (D:11)
  A wyvern (D:9)
  A basilisk (Lair:1)
  18 yaks
  A vampire mosquito (D:11)
  A two-headed ogre zombie (D:11)
  2 swamp worms (Lair:2)
  A naga (Lair:3)
  2 water moccasins
  7 orc warriors
  An ice beast (D:6)
  2 sky beasts
  2 black bears (Lair:1)
  3 ogres
  3 centaurs
  2 phantoms
  8 wolves
  2 gnoll sergeants
  12 bullfrogs
  2 scorpions
  2 necrophages
  8 wights (D:9)
  14 killer bees
  2 troll zombies (D:11)
  A black bear zombie (Lair:1)
  4 orc priests
  A gnoll bouda (D:8)
  5 hounds
  2 mummies (Ossuary)
  5 orc wizards
  Terence (D:3)
  5 iguanas
  A scorpion zombie (Lair:1)
  3 killer bee zombies (D:9)
  5 ogre zombies (D:11)
  5 adders
  5 gnolls (D:8)
  2 shadow imps (D:6)
  A white imp (D:7)
  3 worms
  5 dart slugs
  37 orcs
  6 bats
  4 endoplasms
  4 giant cockroaches
  5 goblins
  A hobgoblin (D:4)
  4 jackals (D:2)
  2 quokkas
  3 ball pythons
  4 frilled lizards
  A goblin zombie (D:11)
  2 hobgoblin skeletons (D:11)
  6 hobgoblin zombies (D:11)
  12 kobolds
  3 orc skeletons (D:11)
  13 orc zombies (D:11)
  3 rats
309 creatures vanquished.

Vanquished Creatures (collateral kills)
  A polar bear (Lair:2)
  3 yaks (D:10)
  A water moccasin (Lair:3)
  A swamp worm (Lair:2)
  A black bear (D:5)
  4 wolves
  A lemure (D:4)
  A gnoll (D:8)
  An adder (D:3)
  A shadow imp (D:8)
  An ufetubus (D:7)
  5 orcs
  A kobold (D:4)
  A quokka (D:5)
  A bat (D:3)
  A frilled lizard (D:3)
25 creatures vanquished.

Vanquished Creatures (others)
  2 komodo dragons (Lair:2)
  2 killer bees (D:11)
  8 fungi
  16 plants
  2 withered plants (Ossuary)
30 creatures vanquished.

Grand Total: 364 creatures vanquished

Notes
Turn   | Place    | Note
-------+----------+-------------------------------------------
     0 | D:1      | zlionsfan the Mummy Necromancer began the quest for the
                  | Orb.
     0 | D:1      | Reached XP level 1. HP: 13/13 MP: 4/4
   187 | D:1      | Reached XP level 2. HP: 16/19 MP: 0/5
   961 | D:2      | Found Govenlal's Distillery.
  1011 | D:2      | Found Besifidar's Book Shoppe.
  1015 | D:2      | Found Korrotz's Magic Scroll Shoppe.
  1028 | D:2      | Bought a scroll of identify for 24 gold pieces
  1028 | D:2      | Bought a scroll of identify for 24 gold pieces
  1101 | D:2      | Found Sur Acve's Armour Emporium.
  1179 | D:2      | You fall into a shaft and drop 1 floor!
  1189 | D:3      | Reached skill level 3 in Spellcasting
  1228 | D:3      | Found a stormy altar of Qazlal.
  1236 | D:3      | Became a worshipper of Qazlal Stormbringer
  1428 | D:3      | Gained mutation: You are in touch with the powers of death.
                  | [Mummy growth]
  1428 | D:3      | Reached XP level 3. HP: 20/24 MP: 4/7
  1550 | D:3      | Reached skill level 4 in Spellcasting
  1693 | D:3      | Reached XP level 4. HP: 30/30 MP: 6/10
  1782 | D:2      | Found Qoarr's Armour Boutique.
  2211 | D:3      | Noticed Terence
  2224 | D:3      | Killed Terence
  2224 | D:3      | Reached * piety under Qazlal
  2225 | D:3      | Reached skill level 5 in Necromancy
  2431 | D:4      | Reached XP level 5. HP: 31/35 MP: 7/11
  2592 | D:4      | Noticed a lemure
  2592 | D:4      | Noticed a lemure
  2592 | D:4      | Noticed a lemure
  2592 | D:4      | Noticed a lemure
  2592 | D:4      | Noticed Pikel
  2603 | D:4      | Killed a lemure
  2616 | D:4      | Killed Pikel
  2617 | D:4      | Reached skill level 6 in Spellcasting
  2617 | D:4      | Reached XP level 6. HP: 33/42 MP: 8/15
  2617 | D:4      | Reached XP level 7. HP: 37/47 MP: 8/16
  2629 | D:4      | Learned a level 3 spell: Vampiric Draining
  2696 | D:4      | Learned a level 2 spell: Ensorcelled Hibernation
  2751 | D:4      | Found a snail-covered altar of Cheibriados.
  2938 | D:4      | Reached skill level 7 in Spellcasting
  3101 | D:4      | Found a basalt altar of Yredelemnul.
  3213 | D:4      | Identified the amulet of the King {Acrobat rPois Str+3}
  3758 | D:5      | Entered Level 5 of the Dungeon
  3914 | D:5      | Reached ** piety under Qazlal
  3921 | D:5      | Reached skill level 1 in Fighting
  3921 | D:5      | Reached XP level 8. HP: 27/54 MP: 9/19
  3926 | D:5      | Learned a level 4 spell: Animate Dead
  4184 | D:2      | Bought a +0 helmet of intelligence for 149 gold pieces
  4820 | D:5      | Reached skill level 8 in Spellcasting
  4975 | D:5      | Found a sacrificial altar of Ru.
  5004 | D:5      | Learned a level 3 spell: Frozen Ramparts
  5474 | D:6      | Reached skill level 9 in Spellcasting
  5517 | D:6      | Reached skill level 1 in Shields
  6434 | D:7      | Found a staircase to the Ecumenical Temple.
  6458 | D:7      | Reached XP level 9. HP: 57/61 MP: 22/22
  6478 | D:7      | Reached skill level 1 in Maces & Flails
  6496 | Temple   | Entered the Ecumenical Temple
  6966 | D:7      | Found an ornate altar of the Wu Jian Council.
  7503 | D:8      | Noticed Amaemon
  7503 | D:8      | Noticed an orange demon
  7563 | D:8      | Reached skill level 10 in Spellcasting
  7683 | D:8      | Reached *** piety under Qazlal
  7724 | D:8      | Found a sand-covered staircase.
  7742 | Ossuary  | Entered an ossuary
  7882 | D:8      | Learned a level 3 spell: Mephitic Cloud
  7886 | D:8      | Learned a level 3 spell: Ignite Poison
  7891 | D:8      | Learned a level 4 spell: Anguish
  7914 | D:8      | Noticed Joseph
  7933 | D:8      | Killed Joseph
  7940 | D:8      | Noticed Maggie
  7962 | D:8      | Killed Maggie
  7963 | D:8      | Reached skill level 11 in Spellcasting
  7963 | D:8      | Reached skill level 1 in Evocations
  8266 | D:9      | Noticed a two-headed ogre
  8288 | D:9      | Killed a two-headed ogre
  8289 | D:9      | Reached XP level 10. HP: 67/67 MP: 22/25
  8472 | D:9      | Found an iron altar of Okawaru.
  8472 | D:9      | Found a bloodstained altar of Trog.
  8479 | D:9      | Reached skill level 12 in Spellcasting
  8656 | D:9      | Reached skill level 10 in Necromancy
  9227 | D:10     | Entered Level 10 of the Dungeon
  9307 | D:10     | Noticed a two-headed ogre
  9322 | D:10     | Killed a two-headed ogre
  9390 | D:10     | Reached **** piety under Qazlal
  9440 | D:10     | Found a staircase to the Lair.
  9470 | D:10     | Reached skill level 13 in Spellcasting
  9870 | D:10     | Reached XP level 11. HP: 63/73 MP: 21/28
 10057 | Lair:1   | Entered Level 1 of the Lair of Beasts
 10113 | Lair:1   | Noticed a four-headed hydra
 10121 | Lair:1   | Killed a four-headed hydra
 10129 | Lair:1   | Reached skill level 14 in Spellcasting
 10365 | Lair:1   | Noticed a boulder beetle
 10397 | Lair:1   | Killed a boulder beetle
 10955 | Lair:1   | Learned a level 2 spell: Blink
 10961 | Lair:1   | Learned a level 5 spell: Agony
 11336 | Lair:2   | Noticed a death yak
 11339 | Lair:2   | Noticed a death yak
 11341 | Lair:2   | Noticed a death yak
 11342 | Lair:2   | Noticed a death yak
 11343 | Lair:2   | Reached skill level 1 in Ice Magic
 11343 | Lair:2   | Noticed a death yak
 11345 | Lair:2   | Killed a death yak
 11354 | Lair:2   | Killed a death yak
 11355 | Lair:2   | Reached skill level 15 in Spellcasting
 11979 | D:11     | Noticed a two-headed ogre
 12057 | D:11     | Killed a two-headed ogre
 12087 | D:11     | Reached XP level 12. HP: 34/80 MP: 6/31
 12143 | D:11     | Reached ***** piety under Qazlal
 12701 | D:11     | Found a staircase to the Orcish Mines.
 12797 | D:11     | Noticed a boulder beetle
 12816 | D:11     | Killed a boulder beetle
 13309 | D:2      | Bought the +1 pair of gloves of Polish {Regen+ Int+2} for
                  | 269 gold pieces
 13993 | D:11     | Found a runed translucent door.
 14178 | Lair:2   | Reached skill level 16 in Spellcasting
 14188 | Lair:2   | Reached skill level 1 in Air Magic
 14267 | Lair:2   | Killed a death yak
 14270 | Lair:2   | Killed a death yak
 14274 | Lair:2   | Killed a death yak
 14390 | Lair:2   | Reached skill level 1 in Transmutations
 14414 | Lair:2   | Identified the +1 ring mail of Wisdom {rF+ Int+3}
 14787 | Lair:2   | Noticed a seven-headed hydra
 14793 | Lair:2   | Noticed a five-headed hydra
 14801 | Lair:2   | Killed a five-headed hydra
 14805 | Lair:2   | Reached skill level 17 in Spellcasting
 14847 | Lair:2   | Found a staircase to the Swamp.
 14910 | Lair:2   | Killed a seven-headed hydra
 14911 | Lair:2   | Gained mutation: You are strongly in touch with the powers
                  | of death. [Mummy growth]
 14911 | Lair:2   | Reached XP level 13. HP: 78/87 MP: 23/34
 15066 | Lair:3   | Noticed Nessos
 15099 | Lair:3   | Shot with an arrow by Nessos

Illustrated notes

Levels and vault maps discovered:
D:1:      erik_arrival_triangle_large, layout_rooms, serial_park_tiny_1
D:2:      layout_basic, serial_shops, shop, nicolae_shop_trees, shop,
          nicolae_shop_window_shopping, nicolae_square_shop
D:3:      layout_basic, mainiacjoe_overflow_boulevard, grunt_ministairs_3,
          uniq_terence
D:4:      wad_lake_hut, layout_rooms, nicolae_overflow_crystal_walls,
          mainiacjoe_overflow_alcove_2, mainiacjoe_overflow_small_starburst,
          minmay_goblin_kobold_house, uniq_pikel
D:5:      layout_gridville, old_standard_altar
D:6:      layout_basic, general_overflow_altar, nicolae_eternal_life,
          chequers_garden
D:7:      layout_layer_cave, lemuel_round_altar,
          minmay_temple_entry_stoned_glass
D:8:      layout_gridville, chequers_ossuary_entry_cave, uniq_maggie,
          uniq_joseph, uniq_amaemon
D:9:      layout_loops_cross, grunt_temple_overflow_bloody_war,
          kennysheep_crisscross
D:10:     layout_rooms, lair_entry_dummy, kennysheep_small_spiral
D:11:     gammafunk_mikee_crab_dinner, layout_cave_pools, zombieorc2_lemuel,
          minmay_starry_boxes
Temple:   oiseaux_autumnal_temple
Lair:1:   layout_cave_pods, gammafunk_lair_bear_cave
Lair:2:   layout_misc_corridors, palyth_hydra_swamp_entry,
          chequers_serial_rivers_micro_c, beast_lair_carwin_7
Lair:3:   wad_woods_structure_01, layout_long_grid, guppyfry_snake_entry_island,
          hellmonk_ghost_happy_afterlife, uniq_nessos

Skill      XL: |  1  2  3  4  5  6  7  8  9 10 11 12 |
---------------+-------------------------------------+-----
Spellcasting   | 3 4 6 7 9 11 13 15 17 | 17.2
Necromancy     | 5 6 7 8 9 11 12 14 | 14.2
Dodging        | 2 3 4 |  4.4
Fighting       | 1 2 3 |  3.7
Stealth        | 2 |  2.8
Shields        | 1 2 3 |  3.1
Maces & Flails | 1 3 |  3.6
Evocations     | 1 |  1.4
Ice Magic      | 1 |  1.1
Air Magic      | 1 |  1.1
Transmutations | 1 |  1.0
Throwing       | |  0.5
Conjurations   | |  0.5
Hexes          | |  0.9
Fire Magic     | |  0.4
Poison Magic   | |  0.6

Action                   |  1- 3 |  4- 6 |  7- 9 | 10-12 | 13-15 || total
-------------------------+-------+-------+-------+-------+-------++-------
Melee: Club              |     9 |       |       |       |       ||     9
       Flail             |       |       |   101 |   188 |       ||   289
       Punch             |       |       |     1 |     5 |       ||     6
       Staff             |       |       |       |    14 |       ||    14
Throw: Dart              |       |     1 |       |       |       ||     1
       Javelin           |       |       |       |     7 |     2 ||     9
 Cast: Necrotise         |    69 |    40 |   269 |   345 |    28 ||   751
       Vampiric Draining |       |       |     8 |   121 |    11 ||   140
       Ensorcelled Hiber |       |       |     3 |     8 |       ||    11
       Anguish           |       |       |     1 |     2 |       ||     3
       Animate Dead      |       |       |       |     5 |       ||     5
       Frozen Ramparts   |       |       |       |     4 |       ||     4
       Mephitic Cloud    |       |       |       |    20 |     3 ||    23
       Agony             |       |       |       |     1 |       ||     1
       Ignite Poison     |       |       |       |     3 |       ||     3
Evoke: Wand              |       |       |     8 |     9 |       ||    17
  Use: Scroll            |     2 |     6 |    11 |    11 |       ||    30
 Stab: Distracted        |       |       |     1 |       |       ||     1
       Sleeping          |       |       |     1 |     3 |       ||     4
       Paralysed         |       |       |       |     4 |       ||     4
Armor: Robe              |     6 |     2 |   102 |   206 |    15 ||   331
Dodge: Dodged            |    18 |     8 |   156 |   337 |    53 ||   572
       Repelled          |       |       |       |     1 |       ||     1
Block: Other             |       |       |    43 |   165 |    27 ||   235
